cohdb
Replays
Latest Replays
All Replays
Popular Replays
Top Player Replays
Match Explorer
How It Works
Community
CoH3 Stats
Reddit
Sign in to upload your games and track your stats! →
Sign in with Steam
Match 45128420
Unlisted
Match 45128420
Overview
Messages
Build Orders
End
Kettenkrad Recon Vehicle
Construct Infanterie Kompanie
MG 42 Machine Gun Team
Grenadier Squad
GrW 34 Mortar Team
Construct Luftwaffe Kompanie
Flak 30 Anti-aircraft Gun Team
Jäger Squad
Support Elements
Wirbelwind Flakpanzer
Jäger Squad
Wirbelwind Flakpanzer
Selects Mechanized Battlegroup
Selects Spotting Scopes
Selects Wespe Self-propelled Artillery
Wespe Self-propelled Artillery
Marder III M Tank Destroyer
Marder III M Tank Destroyer
Selects Mechanized Assault
Mechanized Assault
Medical Station
Construct Panzer Kompanie
Selects Raid Package
Jäger Squad
Panzer IV Medium Tank
Elko8001
Larry
Futurn
microsoftboy
Doping Dolphin
Comety42
100% OJ addict
kakashi
0
0
Comments
sign in to comment!
No comments posted yet!